[Event "13th Poti Nana Aleksandria Cup"]
[Site "Poti"]
[Date "2018.07.13"]
[Round "1"]
[White "Sindarov, Javokhir"]
[Black "Eynullayev, Altay"]
[Result "1/2-1/2"]
[ECO "C00"]
[WhiteElo "2474"]
[BlackElo "2134"]
[Annotator "ChessBase"]
[PlyCount "113"]
[EventDate "2018.07.13"]
[EventType "swiss"]
[EventCountry "GEO"]
[SourceTitle "playchess.com"]
[Source "ChessBase"]
[SourceQuality "1"]
[TimeControl "40/5400+30:1800+30"]

1. e4 e6 2. Qe2 c5 3. Nf3 Nc6 4. g3 g6 5. Bg2 Bg7 6. d3 Nge7 7. c3 d6 8. Na3 b6 9. Nc2 Ba6 10. O-O O-O 11. h4 h6 12. Rd1 Qd7 13. Qe1 Rac8 14. Ne3 Kh7 15. d4 cxd4 16. cxd4 d5 17. e5 Nf5 18. Ng4 Qe7 19. b3 Qb4 20. Bd2 Qb5 21. Bc3 Qe2 22. Nf6+ Bxf6 23. exf6 Qxe1+ 24. Rxe1 Nd6 25. Bb2 Ne4 26. Ba3 Rfe8 27. Ne5 Nxe5 28. dxe5 Nc5 29. Rad1 Red8 30. h5 g5 31. Rd4 Nd3 32. Re3 Nc1 33. Rd2 Rc6 34. Bf1 Bxf1 35. Kxf1 Rdc8 36. Re1 a5 37. f4 b5 38. fxg5 hxg5 39. g4 b4 40. Bxc1 Rxc1 41. Rxc1 Rxc1+ 42. Ke2 Rg1 43. Kf3 Rf1+ 44. Rf2 Rc1 45. Re2 Rf1+ 46. Kg2 Rc1 47. Kf2 Rc3 48. Rd2 Kh8 49. Kf1 Rc1+ 50. Ke2 Rg1 51. Kf3 Rc1 52. Ke3 Rg1 53. Kf3 Rc1 54. Kf2 Rc3 55. Kf1 Rc1+ 56. Ke2 Rg1 57. Kf3 1/2-1/2

[Event "13th Poti Nana Aleksandria Cup"]
[Site "Poti"]
[Date "2018.07.13"]
[Round "1"]
[White "Harutjunyan, Gevorg"]
[Black "Mustafayev, Farid"]
[Result "1-0"]
[ECO "D79"]
[WhiteElo "2418"]
[BlackElo "2068"]
[Annotator "NA RC"]
[PlyCount "69"]
[EventDate "2018.07.13"]
[EventType "swiss"]
[EventCountry "GEO"]
[SourceTitle "playchess.com"]
[Source "ChessBase"]
[SourceQuality "1"]
[TimeControl "40/5400+30:1800+30"]

1. Nf3 Nf6 2. g3 d5 3. Bg2 g6 4. O-O Bg7 5. d4 O-O 6. c4 c6 7. cxd5 cxd5 8. Nc3 Nc6 9. Ne5 e6 10. f4 Bd7 11. Be3 Rc8 12. Rc1 Qe7 13. Bf2 Rfd8 14. h3 h5 15. e3 Be8 16. g4 hxg4 17. hxg4 Nxe5 18. dxe5 Nd7 19. Qe2 Nc5 20. Nb5 Bxb5 21. Qxb5 a6 22. Qb4 Bf8 23. Qd4 b5 24. b3 a5 25. Bg3 Qb7 26. Bh4 Be7 27. Bf6 Bxf6 28. exf6 Nd7 29. Rxc8 Rxc8 30. f5 Qb6 31. fxe6 Qxe6 32. Bxd5 Qe8 33. Rd1 Ne5 34. Qf4 Rd8 35. Kg2 1-0

[Event "13th Poti Nana Aleksandria Cup"]
[Site "Poti"]
[Date "2018.07.13"]
[Round "1"]
[White "Mgeladze, Tamaz"]
[Black "Mnatsakanian, Arsen"]
[Result "1-0"]
[ECO "A38"]
[WhiteElo "2374"]
[BlackElo "2047"]
[Annotator "NA"]
[PlyCount "119"]
[EventDate "2018.07.13"]
[EventType "swiss"]
[EventCountry "GEO"]
[SourceTitle "playchess.com"]
[Source "ChessBase"]
[SourceQuality "1"]
[TimeControl "40/5400+30:1800+30"]

1. c4 Nf6 2. g3 c5 3. Nc3 g6 4. Bg2 Bg7 5. Nf3 Nc6 6. O-O O-O 7. d3 d5 8. cxd5 Nxd5 9. Nxd5 Qxd5 10. Be3 Qd6 11. Rc1 Nd4 12. Nxd4 cxd4 13. Bf4 e5 14. Bd2 a5 15. Qc2 Qb6 16. Qc5 Qxc5 17. Rxc5 Bg4 18. Bf3 Be6 19. Bxb7 Rab8 20. Rc7 Bf6 21. Bf3 Rxb2 22. Bxa5 Rxa2 23. Bb4 Rb8 24. Bd6 Rd8 25. Rc6 Rda8 26. Kg2 R8a6 27. Rfc1 Rxc6 28. Rxc6 Ra5 29. Rb6 h5 30. h3 Kh7 31. Be4 Ra2 32. Bf3 e4 33. Bxe4 Rxe2 34. Rb4 Bg5 35. Bf4 Bf6 36. Bc1 Re1 37. Bf4 Kg7 38. Bc7 Ba2 39. Rb2 Bb1 40. Bf4 Rxe4 41. dxe4 Bxe4+ 42. f3 Bd5 43. h4 d3 44. Rb5 Be6 45. Kf2 Bd4+ 46. Ke1 Bc3+ 47. Bd2 Bd4 48. Ra5 Kf8 49. Bb4+ Ke8 50. Ra3 Bf5 51. Bc3 Bc5 52. Ra4 Ke7 53. Bb4 Bxb4+ 54. Rxb4 f6 55. Kd2 g5 56. Ke3 Bg6 57. Rb7+ Kf8 58. hxg5 fxg5 59. Rb5 Kg7 60. Rxg5 1-0

[Event "13th Poti Nana Aleksandria Cup"]
[Site "Poti"]
[Date "2018.07.13"]
[Round "1"]
[White "Sattarov, Bobir"]
[Black "Gordon, Evgeny"]
[Result "1-0"]
[ECO "C41"]
[WhiteElo "2328"]
[BlackElo "2016"]
[Annotator "NA"]
[PlyCount "55"]
[EventDate "2018.07.13"]
[EventType "swiss"]
[EventCountry "GEO"]
[SourceTitle "playchess.com"]
[Source "ChessBase"]
[SourceQuality "1"]
[TimeControl "40/5400+30:1800+30"]

1. e4 d6 2. d4 Nf6 3. Nc3 e5 4. Nf3 Nbd7 5. Bc4 Be7 6. O-O O-O 7. a4 c6 8. Ba2 h6 9. Qe2 a5 10. Rd1 Qc7 11. h3 Nh7 12. Be3 Bf6 13. Rd2 exd4 14. Nxd4 Nc5 15. Rad1 Re8 16. f3 Nf8 17. Qf2 Be5 18. f4 Bf6 19. e5 dxe5 20. Ndb5 cxb5 21. Nxb5 Ne4 22. Nxc7 Nxf2 23. Bxf2 Be6 24. Bxe6 Nxe6 25. Nxa8 Rxa8 26. fxe5 Bxe5 27. c3 Rb8 28. Bb6 1-0

[Event "13th Poti Nana Aleksandria Cup"]
[Site "Poti"]
[Date "2018.07.13"]
[Round "1"]
[White "Danielyan, Vahe"]
[Black "Shanya Mishra"]
[Result "0-1"]
[ECO "B40"]
[WhiteElo "2317"]
[BlackElo "1980"]
[Annotator "NA"]
[PlyCount "84"]
[EventDate "2018.07.13"]
[EventType "swiss"]
[EventCountry "GEO"]
[SourceTitle "playchess.com"]
[Source "ChessBase"]
[SourceQuality "1"]
[TimeControl "40/5400+30:1800+30"]

1. e4 c5 2. Nf3 e6 3. Nc3 Nc6 4. Bb5 Nd4 5. O-O g6 6. Nxd4 cxd4 7. Ne2 Bg7 8. c3 dxc3 9. dxc3 a6 10. Ba4 Ne7 11. Qd6 O-O 12. Rd1 b5 13. Bb3 Nc6 14. Be3 Qh4 15. Ng3 Ne5 16. f3 f5 17. Bf2 Qg5 18. h4 Qh6 19. a4 f4 20. Ne2 bxa4 21. Rxa4 g5 22. Ra5 Nf7 23. hxg5 Nxg5 24. Bc4 Nf7 25. Qc7 Kh8 26. Rda1 d6 27. b4 Ne5 28. Bxa6 Rg8 29. Nd4 Bxa6 30. Rxa6 Rxa6 31. Rxa6 Bf8 32. Ra2 Qh3 33. Be1 Nd3 34. Qc4 Nxe1 35. Qf1 e5 36. Qxe1 exd4 37. Qf2 dxc3 38. b5 Qe6 39. b6 Bg7 40. b7 Qb3 41. Qa7 Be5 42. Kh2 c2 0-1

[Event "13th Poti Nana Aleksandria Cup"]
[Site "Poti"]
[Date "2018.07.13"]
[Round "1"]
[White "Danielyan, Vahe"]
[Black "Shanya Mishra"]
[Result "*"]
[ECO "B20"]
[WhiteElo "2317"]
[BlackElo "1980"]
[Annotator "NA"]
[PlyCount "32"]
[EventDate "2018.07.13"]
[EventType "swiss"]
[EventCountry "GEO"]
[SourceTitle "playchess.com"]
[Source "ChessBase"]
[SourceQuality "1"]
[TimeControl "40/5400+30:1800+30"]

1. e4 c5 2. d3 Nc6 3. Nc3 g6 4. Qf3 Bg7 5. Be3 Nd4 6. Bxd4 cxd4 7. Nd5 e6 8. Nb4 $2 (8. Nf4 {was forced.}) 8... a5 9. c3 axb4 10. cxd4 Bxd4 11. Nh3 Bxb2 12. Rb1 Bc3+ 13. Ke2 Rxa2+ 14. Kd1 Rd2+ 15. Kc1 Qa5 16. d4 Qa3+ *

[Event "13th Poti Nana Aleksandria Cup"]
[Site "Poti"]
[Date "2018.07.13"]
[Round "1"]
[White "Gharagyozyan, Artur"]
[Black "Tihonov, Gennady"]
[Result "1-0"]
[ECO "C47"]
[WhiteElo "2302"]
[BlackElo "1845"]
[Annotator "NA"]
[PlyCount "67"]
[EventDate "2018.07.13"]
[EventType "swiss"]
[EventCountry "GEO"]
[SourceTitle "playchess.com"]
[Source "ChessBase"]
[SourceQuality "1"]
[TimeControl "40/5400+30:1800+30"]

1. e4 e5 2. Nf3 Nf6 3. Nc3 Nc6 4. Bc4 Nxe4 5. Nxe4 d5 6. Bd3 dxe4 7. Bxe4 Bg4 8. h3 Bxf3 9. Qxf3 Qf6 10. Qxf6 gxf6 11. Bxc6+ bxc6 12. d3 Bc5 13. Be3 Bb6 14. Ke2 Rb8 15. b3 Ke7 16. a4 Rhd8 17. g4 f5 18. gxf5 Kf6 $16 19. Rag1 Rg8 20. Rg4 Kxf5 21. Rhg1 Rg6 22. Rg5+ Kf6 23. R1g4 Rbg8 24. Rxg6+ Rxg6 25. Rc4 Ke7 26. b4 f5 27. Rh4 Rg7 28. Rh6 Kd7 29. Rf6 f4 30. Bxb6 cxb6 31. Kf3 a5 32. b5 cxb5 33. Rxb6 bxa4 34. Rb7+ 1-0

[Event "13th Poti Nana Aleksandria Cup"]
[Site "Poti"]
[Date "2018.07.13"]
[Round "1"]
[White "Der Manuelian, Haik"]
[Black "Bibilashvili, Lali"]
[Result "1-0"]
[ECO "B33"]
[WhiteElo "2242"]
[BlackElo "1816"]
[Annotator "NA"]
[PlyCount "83"]
[EventDate "2018.07.13"]
[EventType "swiss"]
[EventCountry "GEO"]
[SourceTitle "playchess.com"]
[Source "ChessBase"]
[SourceQuality "1"]
[TimeControl "40/5400+30:1800+30"]

1. e4 c5 2. Nf3 Nc6 3. d4 cxd4 4. Nxd4 Nf6 5. Nc3 e5 6. Ndb5 d6 7. Bg5 a6 8. Na3 b5 9. Nd5 Be7 10. Bxf6 Bxf6 11. c3 Bg5 12. Nc2 O-O 13. a4 bxa4 14. Rxa4 a5 15. Bc4 Rb8 16. b3 Kh8 17. h4 Bh6 18. g4 Bf4 19. Nce3 Bxe3 20. Nxe3 Be6 21. Nf5 Bxf5 22. gxf5 Qf6 23. Qd2 h6 24. Qg5 Qd8 25. Qxd8 Rbxd8 26. Bd5 Rc8 27. Rh3 Rc7 28. Bxc6 Rxc6 29. Rxa5 Rb8 30. Ra3 Rcb6 31. b4 Kg8 32. Rd3 Kf8 33. Ra7 Rc8 34. Kd2 Rc4 35. f3 Ke8 36. Rd5 Rc8 37. b5 Rd8 38. c4 Rd7 39. Ra6 Rxa6 40. bxa6 Ke7 41. c5 Ra7 42. Rxd6 1-0

[Event "13th Poti Nana Aleksandria Cup"]
[Site "Poti"]
[Date "2018.07.13"]
[Round "1"]
[White "Ghvamberia, Nika"]
[Black "Pantsulaia, Levan"]
[Result "1/2-1/2"]
[ECO "B28"]
[WhiteElo "2236"]
[BlackElo "2575"]
[Annotator "ChessBase"]
[PlyCount "113"]
[EventDate "2018.07.13"]
[EventType "swiss"]
[EventCountry "GEO"]
[SourceTitle "playchess.com"]
[Source "ChessBase"]
[SourceQuality "1"]
[TimeControl "40/5400+30:1800+30"]

1. e4 c5 2. Nf3 a6 3. c3 d6 4. d4 Qc7 5. Bd3 g6 6. Bf4 Bg7 7. dxc5 Qxc5 8. Nbd2 Nf6 9. O-O O-O 10. h3 Nbd7 11. Re1 e5 12. Bg5 h6 13. Be3 Qc6 14. a4 Nc5 15. Bxc5 Qxc5 16. Qb3 Nh5 17. Nc4 Nf4 18. Bf1 Be6 19. Qb6 Qxb6 20. Nxb6 Rad8 21. Rad1 f5 22. exf5 gxf5 23. g3 Ng6 24. Bc4 Bf7 25. Re2 e4 26. Bxf7+ Kxf7 27. Nd4 Bxd4 28. cxd4 Ke6 29. Rc1 Rf7 30. f4 d5 31. Rec2 h5 32. h4 Ne7 33. a5 Rd6 34. Nc8 Nc6 35. Nxd6 Kxd6 36. Rxc6+ bxc6 37. b4 e3 38. Rc3 Re7 39. Kf1 Re4 40. Rd3 e2+ 41. Ke1 Kd7 42. Rd2 Re3 43. Rxe2 Rxg3 44. Re5 Rd3 45. Rxf5 Rxd4 46. Rxh5 Rxb4 47. Rf5 Ke6 48. Rf8 Ke7 49. Rc8 Kd6 50. Rf8 Ra4 51. h5 Rxa5 52. h6 Ra1+ 53. Kd2 Rh1 54. Rh8 Ke7 55. h7 Kf6 56. Rc8 Rxh7 57. Rxc6+ 1/2-1/2

[Event "13th Poti Nana Aleksandria Cup"]
[Site "Poti"]
[Date "2018.07.13"]
[Round "1"]
[White "Yeritsyan, Hayk"]
[Black "Harutyunian, Tigran K"]
[Result "0-1"]
[ECO "E24"]
[WhiteElo "2178"]
[BlackElo "2500"]
[Annotator "ChessBase"]
[PlyCount "64"]
[EventDate "2018.07.13"]
[EventType "swiss"]
[EventCountry "GEO"]
[SourceTitle "playchess.com"]
[Source "ChessBase"]
[SourceQuality "1"]
[TimeControl "40/5400+30:1800+30"]

1. d4 Nf6 2. c4 e6 3. Nc3 Bb4 4. a3 Bxc3+ 5. bxc3 b6 6. f3 Ba6 7. e4 d6 8. Bd3 Nfd7 9. Ne2 Nc6 10. O-O Na5 11. Qa4 O-O 12. f4 f5 13. Ng3 g6 14. Rd1 Qe8 15. e5 Nb8 16. Qxe8 Rxe8 17. c5 dxc5 18. dxc5 Nb3 19. Rb1 Bxd3 20. Rxd3 Nxc5 21. Rd1 Nc6 22. Be3 Na4 23. Rd7 Re7 24. Rd3 Rd8 25. Rxd8+ Nxd8 26. Rd1 Nb7 27. Ne2 Kf7 28. c4 Nb2 29. Rc1 Rd7 30. c5 Nd3 31. c6 Nxc1 32. Nxc1 Rd1+ 0-1

[Event "13th Poti Nana Aleksandria Cup"]
[Site "Poti"]
[Date "2018.07.13"]
[Round "1"]
[White "Mesropian, Khachatur"]
[Black "Tutisani, Noe"]
[Result "0-1"]
[ECO "A56"]
[WhiteElo "2128"]
[BlackElo "2469"]
[Annotator "ChessBase"]
[PlyCount "92"]
[EventDate "2018.07.13"]
[EventType "swiss"]
[EventCountry "GEO"]
[SourceTitle "playchess.com"]
[Source "ChessBase"]
[SourceQuality "1"]
[TimeControl "40/5400+30:1800+30"]

1. d4 Nf6 2. c4 c5 3. d5 g6 4. Nc3 Bg7 5. e4 O-O 6. Be2 d6 7. Bg5 h6 8. Be3 a6 9. a4 Kh7 10. h3 e5 11. g4 Ng8 12. Bd3 Ne7 13. Nge2 Nd7 14. Ng3 Bf6 15. h4 Ng8 16. g5 Be7 17. Qd2 Rb8 18. h5 Nb6 19. f4 exf4 20. Bxf4 Nd7 21. O-O-O Ne5 22. Kb1 Bd7 23. hxg6+ fxg6 24. Bxe5 Bxg5 25. Qg2 dxe5 26. Rdg1 Be3 27. Rf1 Qg5 28. Rxf8 Rxf8 29. Rf1 Rxf1+ 30. Qxf1 Nf6 31. Nd1 Kg7 32. Qf3 Bd4 33. Bc2 h5 34. Ne2 Bg4 35. Qd3 Bxe2 36. Qxe2 h4 37. Qf1 Qf4 38. Qh3 Qg4 39. Qxg4 Nxg4 40. Bd3 Nf6 41. Kc2 g5 42. Kd2 h3 43. Bf1 g4 44. Kd3 Nh5 45. Ne3 Nf4+ 46. Kd2 Bxe3+ 0-1

[Event "13th Poti Nana Aleksandria Cup"]
[Site "Poti"]
[Date "2018.07.13"]
[Round "1"]
[White "Avetisyan, Mariam"]
[Black "Arabidze, Meri"]
[Result "0-1"]
[ECO "D37"]
[WhiteElo "2051"]
[BlackElo "2397"]
[Annotator "NA"]
[PlyCount "88"]
[EventDate "2018.07.13"]
[EventType "swiss"]
[EventCountry "GEO"]
[SourceTitle "playchess.com"]
[Source "ChessBase"]
[SourceQuality "1"]
[TimeControl "40/5400+30:1800+30"]

1. d4 d5 2. c4 e6 3. Nc3 Nf6 4. Nf3 Nbd7 5. c5 Be7 6. Bf4 Nh5 7. e3 O-O 8. Bd3 a5 9. a3 c6 10. O-O Nxf4 11. exf4 b6 12. b4 Qc7 13. Ne5 axb4 14. axb4 Rxa1 15. Qxa1 f6 16. Nf3 Qxf4 17. Qb1 Kh8 18. b5 bxc5 19. bxc6 Nb8 20. Ne2 Qc7 21. Bxh7 f5 22. Bg6 Nxc6 23. Qd1 Bf6 24. g3 Kg8 25. Nf4 cxd4 26. Nh4 Bg5 27. Qh5 Bh6 28. Nf3 e5 29. Ng2 Ne7 30. Ngh4 d3 31. Rd1 e4 32. Ng5 Nxg6 33. Nxg6 Rd8 34. Nf4 Qe7 35. h4 Qf6 36. Rc1 d2 37. Rd1 d4 38. Rxd2 d3 39. Kh2 Bb7 40. Rb2 Bc6 41. Nfe6 Be8 42. Nxd8 Bxh5 43. Rb8 Bxg5 44. hxg5 Qd6 0-1

[Event "13th Poti Nana Aleksandria Cup"]
[Site "Poti"]
[Date "2018.07.13"]
[Round "1"]
[White "Samadov, Read"]
[Black "Chkhaidze, Nikoloz"]
[Result "0-1"]
[ECO "D87"]
[WhiteElo "2037"]
[BlackElo "2337"]
[Annotator "NA"]
[PlyCount "92"]
[EventDate "2018.07.13"]
[EventType "swiss"]
[EventCountry "GEO"]
[SourceTitle "playchess.com"]
[Source "ChessBase"]
[SourceQuality "1"]
[TimeControl "40/5400+30:1800+30"]

1. d4 Nf6 2. c4 g6 3. Nc3 d5 4. cxd5 Nxd5 5. e4 Nxc3 6. bxc3 Bg7 7. Bc4 O-O 8. Ne2 c5 9. Be3 Nc6 10. Rc1 Qc7 11. h4 h5 12. Qd2 Rd8 13. Bh6 Ne5 14. Bxg7 Kxg7 15. Bd5 e6 16. dxe5 exd5 17. Qg5 Re8 18. f4 Bg4 19. exd5 Qb6 20. Kf2 Bxe2 21. Kxe2 f6 22. Qg3 Qb2+ 23. Ke3 Qxa2 24. Rhd1 Rad8 25. c4 fxe5 26. f5 Qa3+ 27. Kf2 Qxg3+ 28. Kxg3 gxf5 29. Ra1 Ra8 30. Rdb1 b6 31. Ra6 Kf6 32. Rba1 Rg8+ 33. Kf2 Rg4 34. Rxa7 Rxa7 35. Rxa7 Rxc4 36. Rh7 Rxh4 37. Rh6+ Kg5 38. Rxb6 Rd4 39. d6 h4 40. Rc6 Kf4 41. Rxc5 Rd2+ 42. Kf1 Rxd6 43. Rc3 e4 44. Ke2 Rd3 45. Rc8 h3 46. gxh3 Rxh3 0-1

[Event "13th Poti Nana Aleksandria Cup"]
[Site "Poti"]
[Date "2018.07.13"]
[Round "1"]
[White "Janiashvili, Mariami"]
[Black "Aliyev, Ravan"]
[Result "1/2-1/2"]
[ECO "A50"]
[WhiteElo "1988"]
[BlackElo "2324"]
[Annotator "NA"]
[PlyCount "132"]
[EventDate "2018.07.13"]
[EventType "swiss"]
[EventCountry "GEO"]
[SourceTitle "playchess.com"]
[Source "ChessBase"]
[SourceQuality "1"]
[TimeControl "40/5400+30:1800+30"]

1. d4 Nf6 2. c4 c6 3. Nc3 d5 4. cxd5 cxd5 5. Nf3 Nc6 6. Bf4 Bg4 7. Ne5 e6 8. Nxg4 Nxg4 9. e3 Nf6 10. Bd3 Be7 11. O-O a6 12. Rc1 O-O 13. Bb1 Rc8 14. Qd3 b5 15. Rfd1 g6 16. f3 Nd7 17. a4 b4 18. Ne2 Qb6 19. Kh1 Rfd8 20. Bg3 Bf6 21. h4 e5 22. h5 exd4 23. exd4 Nf8 24. Ba2 Ne6 25. Bf2 Rb8 26. f4 b3 27. Bb1 Nf8 28. Qh3 Re8 29. Ng1 Na5 30. hxg6 hxg6 31. Bd3 Ne6 32. f5 Nf4 33. Qh2 Nxd3 34. Rxd3 Nc4 35. fxg6 fxg6 36. Rh3 Rbc8 37. Qf4 Qe6 38. Rxb3 Bg7 39. Rh3 Nd6 40. Rxc8 Rxc8 41. Nf3 Ne4 42. Be3 Qf5 43. Qh4 Nf6 44. Ne5 Rc2 45. Rf3 Qh5 46. Qxh5 gxh5 47. Rf2 Rc7 48. Kh2 Rb7 49. Rc2 Rb4 50. a5 Rb5 51. b4 Rxb4 52. Rc6 Rb3 53. Bg1 Ne4 54. Rxa6 h4 55. Nf3 Bf8 56. Kh3 Be7 57. Kg4 Rb2 58. Nxh4 Bxh4 59. Kxh4 Rxg2 60. Be3 Kf7 61. Rc6 Ra2 62. a6 Ra4 63. Kg4 Ke7 64. Kf4 Kd7 65. Rg6 Nd6 66. a7 Kc7 {[%emt 0:00:39] Ke4} 1/2-1/2

[Event "13th Poti Nana Aleksandria Cup"]
[Site "Poti"]
[Date "2018.07.13"]
[Round "1"]
[White "Nikulina, Alena"]
[Black "Mammadov, Sadig"]
[Result "1/2-1/2"]
[ECO "A03"]
[WhiteElo "1959"]
[BlackElo "2312"]
[Annotator "NA"]
[PlyCount "121"]
[EventDate "2018.07.13"]
[EventType "swiss"]
[EventCountry "GEO"]
[SourceTitle "playchess.com"]
[Source "ChessBase"]
[SourceQuality "1"]
[TimeControl "40/5400+30:1800+30"]

1. f4 d5 2. Nf3 Nf6 3. e3 g6 4. d4 Bf5 5. Be2 Bg7 6. O-O a6 7. Nbd2 c5 8. c3 Nc6 9. Ne5 Ne4 10. g4 Nxd2 11. Bxd2 Be4 12. Bf3 f6 13. Nxc6 bxc6 14. Bxe4 dxe4 15. f5 g5 16. Qc2 h5 17. Qxe4 hxg4 18. Qxc6+ Kf8 19. Be1 Qc8 20. Qxc5 Qb7 21. Bg3 Qxb2 22. d5 Kg8 23. Qxe7 Kh7 24. Rab1 Qxc3 25. Rb7 Rhg8 26. Rc7 Qd2 27. Qxf6 Qxe3+ 28. Bf2 Qh3 29. Bd4 Qh6 30. Qxh6+ Kxh6 31. f6 Bf8 32. f7 Rg6 33. Rc6 Rd8 34. Rff6 Rxf6 35. Rxf6+ Kh7 36. Rf5 Kg6 37. Rf6+ Kh7 38. Kf2 Rxd5 39. Ke3 a5 40. Ke4 Rd7 41. Bc3 a4 42. Be5 Rb7 43. Kf5 Rb5 44. Ke6 Kg7 45. Rf2+ Kg6 46. Bc7 Rb1 47. Kd7 Re1 48. Bd8 Kg7 49. Bxg5 Bc5 50. Bf6+ Kf8 51. Rf5 Be7 52. Be5 Bb4 53. Bd6+ Bxd6 54. Kxd6 Re2 55. Rf4 a3 56. Rxg4 Kxf7 57. Rf4+ Kg6 58. h4 Rxa2 59. Rf1 Kh5 60. Kc5 Rb2 61. Ra1 1/2-1/2

[Event "13th Poti Nana Aleksandria Cup"]
[Site "Poti"]
[Date "2018.07.13"]
[Round "1"]
[White "Arakelyan, Nare"]
[Black "Matsenko, Andrei"]
[Result "0-1"]
[ECO "B12"]
[WhiteElo "1834"]
[BlackElo "2299"]
[Annotator "NA"]
[PlyCount "54"]
[EventDate "2018.07.13"]
[EventType "swiss"]
[EventCountry "GEO"]
[SourceTitle "playchess.com"]
[Source "ChessBase"]
[SourceQuality "1"]
[TimeControl "40/5400+30:1800+30"]

1. e4 c6 2. d4 g6 3. Nf3 d5 4. e5 Bg4 5. Nc3 {[%emt 0:03:27] LiveBook: 3 Games} (5. Nbd2 $16) 5... Bg7 6. Be3 e6 7. h3 Bxf3 8. Qxf3 Ne7 9. g4 c5 10. Nb5 O-O $15 11. dxc5 Nbc6 12. c3 Nxe5 13. Qg3 Nd7 14. h4 h6 15. h5 g5 16. f4 gxf4 17. Qxf4 e5 18. Qf3 f5 19. gxf5 e4 20. Qd1 Ne5 21. Nd6 Nf3+ 22. Kf2 Rxf5 23. Nxf5 Nxf5 24. Be2 Nxe3 25. Kxe3 Qg5+ 26. Kf2 e3+ 27. Kf1 Nd2+ 0-1

[Event "13th Poti Nana Aleksandria Cup"]
[Site "Poti"]
[Date "2018.07.14"]
[Round "2"]
[White "Matsenko, Sergei"]
[Black "Mgeladze, Tamaz"]
[Result "1/2-1/2"]
[ECO "E92"]
[WhiteElo "2539"]
[BlackElo "2374"]
[Annotator "RC"]
[PlyCount "64"]
[EventDate "2018.07.13"]
[EventType "swiss"]
[EventCountry "GEO"]
[SourceTitle "playchess.com"]
[Source "ChessBase"]
[SourceQuality "1"]
[TimeControl "40/5400+30:1800+30"]

1. d4 Nf6 2. c4 g6 3. Nc3 Bg7 4. e4 d6 5. Nf3 O-O 6. Be2 e5 7. Be3 Qe8 8. dxe5 Ng4 9. Bd2 dxe5 10. h3 Nf6 11. Be3 Qe7 12. O-O c6 13. c5 Nh5 14. b4 Nf4 15. Bc4 Be6 16. Qb3 Na6 17. Bxf4 exf4 18. e5 Nc7 19. Rad1 Rfd8 20. Rd6 Ne8 21. Re1 Bxc4 22. Qxc4 Nxd6 23. cxd6 Qd7 24. Ne4 b6 25. Neg5 Re8 26. Nxf7 Qxf7 27. e6 Qf5 28. Qxc6 Rec8 29. Qb7 Rcb8 30. Qc6 Rc8 31. Qb7 Rcb8 32. Qc6 Rc8 1/2-1/2

[Event "13th Poti Nana Aleksandria Cup"]
[Site "Poti"]
[Date "2018.07.14"]
[Round "2"]
[White "Benidze, Davit"]
[Black "Gharagyozyan, Artur"]
[Result "1-0"]
[ECO "A04"]
[WhiteElo "2487"]
[BlackElo "2302"]
[Annotator "ChessBase"]
[PlyCount "94"]
[EventDate "2018.07.13"]
[EventType "swiss"]
[EventCountry "GEO"]
[SourceTitle "playchess.com"]
[Source "ChessBase"]
[SourceQuality "1"]
[TimeControl "40/5400+30:1800+30"]

1. Nf3 c5 2. g3 b6 3. Bg2 Bb7 4. O-O Nf6 5. c4 g6 6. d4 cxd4 7. Qxd4 Bg7 8. Nc3 O-O 9. Qh4 d6 10. Be3 Nbd7 11. Rfd1 Rc8 12. Rac1 a6 13. b3 Re8 14. Bh3 Rc7 15. g4 Qb8 16. g5 Bxf3 17. exf3 Ne5 18. Qg3 Nh5 19. Qg2 b5 20. f4 Nd7 21. Nd5 Rb7 22. cxb5 axb5 23. Bg4 e6 24. Bxh5 exd5 25. Bf3 Nb6 26. Bxd5 Nxd5 27. Qxd5 Bf8 28. a4 bxa4 29. bxa4 Rb4 30. Rd4 Rb3 31. Rdc4 Rb7 32. Kg2 Qa8 33. Kg3 h5 34. a5 Qb8 35. Bb6 h4+ 36. Kf3 Qa8 37. R1c3 Qa6 38. Re3 Rbe7 39. Rxe7 Rxe7 40. Kg4 Rb7 41. Kxh4 Re7 42. Kg3 Rb7 43. h3 Re7 44. Be3 Re6 45. Kg2 Be7 46. Rc6 Qe2 47. Rc8+ Kh7 1-0

[Event "13th Poti Nana Aleksandria Cup"]
[Site "Poti"]
[Date "2018.07.14"]
[Round "2"]
[White "Tutisani, Noe"]
[Black "Der Manuelian, Haik"]
[Result "1-0"]
[ECO "D31"]
[WhiteElo "2469"]
[BlackElo "2242"]
[Annotator "ChessBase"]
[PlyCount "132"]
[EventDate "2018.07.13"]
[EventType "swiss"]
[EventCountry "GEO"]
[SourceTitle "playchess.com"]
[Source "ChessBase"]
[SourceQuality "1"]
[TimeControl "40/5400+30:1800+30"]

1. d4 d5 2. c4 e6 3. Nc3 Be7 4. cxd5 exd5 5. Bf4 c6 6. e3 Bf5 7. f3 g5 8. Be5 Bf6 9. Bd3 Bxd3 10. Qxd3 Bxe5 11. dxe5 Qe7 12. Qd4 f6 13. exf6 Qxf6 14. Qa4 Nd7 15. Nge2 Nb6 16. Qd4 O-O-O 17. h4 Qxd4 18. exd4 gxh4 19. b3 Ne7 20. Rxh4 h5 21. Ng3 Rdg8 22. Nce2 Rg5 23. Kf2 Ng6 24. Rh2 h4 25. Nf1 Nd7 26. Ne3 Nf6 27. Rh3 Nh5 28. Rah1 Re8 29. Ng4 Rf5 30. Re1 Rh8 31. Ne3 Rff8 32. Reh1 Nhf4 33. Nxf4 Rxf4 34. Nc2 Kd7 35. Rg1 Ne7 36. Ke3 Rff8 37. Kd3 Ng6 38. Rh2 h3 39. Kd2 hxg2 40. Rxh8 Nxh8 41. Ne1 Ke6 42. Rxg2 Kf6 43. Nd3 Ng6 44. Rh2 Rf7 45. Rh6 Rg7 46. b4 Kg5 47. Rh1 Re7 48. a4 Kf5 49. Rh5+ Kf6 50. b5 Rg7 51. bxc6 bxc6 52. Nb4 Ne7 53. Rh6+ Kf5 54. Nxc6 Nxc6 55. Rxc6 Rg2+ 56. Kc3 Rf2 57. Kb4 Rxf3 58. Rc1 Ke6 59. Rh1 a5+ 60. Kxa5 Rf4 61. Rd1 Kd6 62. Kb4 Rf8 63. a5 Rb8+ 64. Kc3 Rc8+ 65. Kd3 Rh8 66. Kc3 Rc8+ 1-0

[Event "13th Poti Nana Aleksandria Cup"]
[Site "Poti"]
[Date "2018.07.14"]
[Round "2"]
[White "Hayrapetyan, Hovik"]
[Black "Ghvamberia, Nika"]
[Result "1/2-1/2"]
[WhiteElo "2453"]
[BlackElo "2236"]
[Annotator "ChessBase"]
[PlyCount "124"]
[EventDate "2018.07.13"]
[EventType "swiss"]
[EventCountry "GEO"]
[SourceTitle "playchess.com"]
[Source "ChessBase"]
[SourceQuality "1"]
[TimeControl "40/5400+30:1800+30"]

1. Nf3 Nf6 2. c4 e6 3. b3 b6 4. g3 Bb7 5. Bg2 c5 6. O-O Be7 7. Bb2 O-O 8. d4 cxd4 9. Qxd4 Nc6 10. Qf4 Qb8 11. Qxb8 Raxb8 12. Nc3 Rfd8 13. Rfd1 a6 14. Rd2 Bb4 15. Rd3 d5 16. cxd5 Bxc3 17. Rxc3 Nxd5 18. Rc4 f6 19. Nd4 Nxd4 20. Rxd4 Rdc8 21. Bh3 f5 22. e4 Nf6 23. exf5 Rc2 24. Ba3 e5 25. Rd6 Bf3 26. Rc1 Rxc1+ 27. Bxc1 Rc8 28. Be3 Rc2 29. Bg2 e4 30. h3 Rxa2 31. Bxb6 Rb2 32. Bd4 Rxb3 33. Rxa6 h5 34. Bxf6 gxf6 35. Rxf6 Rb1+ 36. Kh2 Rb2 37. Bxf3 exf3 38. g4 h4 39. Rh6 Rxf2+ 40. Kg1 Rg2+ 41. Kf1 Kg7 42. Rxh4 Kf6 43. Rh8 Kg5 44. f6 Kxf6 45. Rf8+ Kg5 46. Rxf3 Rh2 47. Rf5+ Kh4 48. Rh5+ Kg3 49. Ke1 Kf3 50. Kd1 Ke3 51. Rb5 Kf4 52. Rb3 Kg5 53. Kc1 Kh4 54. Rd3 Rg2 55. Kd1 Rh2 56. Ke1 Rg2 57. Kf1 Rh2 58. Re3 Ra2 59. Kg1 Rb2 60. Rf3 Ra2 61. Kf1 Rh2 62. Re3 Ra2 1/2-1/2